3A
BELLEVILLE BULLS @ HIGHWOOD HAWKS
07/10/2027
 
TOP OF THE 1ST
Belleville Bulls batting - Pitching for Highwood Hawks : LHP Yoshi Minamoto
Pitching: LHP Yoshi Minamoto
Batting: LHB Ken Stroud 0-0: Swinging Strike
0-1: Ball
1-1: Swinging Strike
1-2: Ball
2-2: Ball
3-2: Fly out, F7 (Flyball, 7)
Batting: RHB Ron Bernard 0-0: Ball
1-0: SINGLE (Line Drive, 89M)
Batting: RHB José García 0-0: Ball
1-0: Ball
2-0: Called Strike
2-1: Foul Ball, location: 2F
2-2: Ball
3-2: Foul Ball, location: 2F
3-2: Foul Ball, location: 2F
3-2: Base on Balls
Ron Bernard to second
Batting: RHB Mike Jennings 0-0: Foul Ball, location: 2F
0-1: Foul Ball, location: 2F
0-2: Foul Ball, location: 2F
0-2: Foul Ball, location: 2F
0-2: Ball
1-2: Ball
2-2: Foul Ball, location: 2F
2-2: Fly out, F8 (Flyball, 89M)
Batting: LHB José Gómez 0-0: Foul Ball, location: 2F
0-1: Ground out U3 (Groundball, 3)
Top of the 1st over - 0 run(s), 1 hit(s), 0 error(s), 2 left on base; Belleville 0 - Highwood 0
BOTTOM OF THE 1ST
Highwood Hawks batting - Pitching for Belleville Bulls : RHP Héctor Aguilar
Pitching: RHP Héctor Aguilar
Batting: RHB Luis Díaz 0-0: Called Strike
0-1: Ground out 6-3 (Groundball, 6)
Batting: RHB Owen Cannon 0-0: Called Strike
0-1: Ball
1-1: Swinging Strike
1-2: Foul Ball, location: 2F
1-2: Fly out, F9 (Flyball, 89S)
Batting: LHB Jeff Simpson 0-0: Called Strike
0-1: Ball
1-1: Swinging Strike
1-2: Strikes out swinging
Bottom of the 1st over - 0 run(s), 0 hit(s), 0 error(s), 0 left on base; Belleville 0 - Highwood 0
TOP OF THE 2ND
Belleville Bulls batting - Pitching for Highwood Hawks : LHP Yoshi Minamoto
Batting: RHB Alejandro Serrato 0-0: SINGLE (Line Drive, 9S)
Batting: RHB Lloyd Regis 0-0: Ball
1-0: Ball
2-0: SINGLE (Line Drive, 6D)
Alejandro Serrato to second
Batting: RHB Leonardo Sotelo 0-0: Called Strike
0-1: Ball
1-1: Ball
2-1: Ball
3-1: Called Strike
3-2: Foul Ball, location: 2F
3-2: Foul Ball, location: 2F
3-2: Strikes out swinging
Batting: LHB Alan Shaw 0-0: Foul Ball, location: 2F
0-1: Ball
1-1: Grounds into double play, 4-6-3 (Groundball, 4)
Top of the 2nd over - 0 run(s), 2 hit(s), 0 error(s), 1 left on base; Belleville 0 - Highwood 0
BOTTOM OF THE 2ND
Highwood Hawks batting - Pitching for Belleville Bulls : RHP Héctor Aguilar
Batting: RHB Stephen McManus 0-0: Ground out 4-3 (Groundball, 4M)
Batting: SHB Iikka Karpinen 0-0: Called Strike
0-1: Ball
1-1: Foul Ball, location: 2F
1-2: Foul Ball, location: 2F
1-2: Strikes out looking
Batting: RHB Tabor de Maria 0-0: Ball
1-0: Fly out, F7 (Flyball, 7)
Bottom of the 2nd over - 0 run(s), 0 hit(s), 0 error(s), 0 left on base; Belleville 0 - Highwood 0
TOP OF THE 3RD
Belleville Bulls batting - Pitching for Highwood Hawks : LHP Yoshi Minamoto
Batting: LHB Ken Stroud 0-0: Ground out 4-3 (Groundball, 4D)
Batting: RHB Ron Bernard 0-0: Ball
1-0: Ball
2-0: Ball
3-0: Called Strike
3-1: Ground out 1-3 (Groundball, 15S)
Batting: RHB José García 0-0: Ground out 6-3 (Groundball, 6M)
Top of the 3rd over - 0 run(s), 0 hit(s), 0 error(s), 0 left on base; Belleville 0 - Highwood 0
BOTTOM OF THE 3RD
Highwood Hawks batting - Pitching for Belleville Bulls : RHP Héctor Aguilar
Batting: RHB Lane McCool 0-0: Called Strike
0-1: Ball
1-1: Ball
2-1: Ball
3-1: Base on Balls
Batting: RHB Johnny Henshaw-Jacobs 0-0: Swinging Strike
0-1: Called Strike
0-2: Ball
1-2: Strikes out looking
Batting: LHB Carlos Medellín 0-0: Ball
1-0: Ball
2-0: Fly out, F9 (Flyball, 9)
Batting: RHB Luis Díaz 0-0: Ball
1-0: Fielders Choice at 2nd, 4-6 (Groundball, 4)
Bottom of the 3rd over - 0 run(s), 0 hit(s), 0 error(s), 0 left on base; Belleville 0 - Highwood 0
TOP OF THE 4TH
Belleville Bulls batting - Pitching for Highwood Hawks : LHP Yoshi Minamoto
Batting: RHB Mike Jennings 0-0: Foul Ball, location: 2F
0-1: Ball
1-1: Ball
2-1: Called Strike
2-2: SINGLE (Flyball, 8LS)
Batting: LHB José Gómez 0-0: Ball
1-0: Called Strike
Mike Jennings steals 2nd base
1-1: Ball
2-1: Fly out, F9 (Flyball, 89S)
Batting: RHB Alejandro Serrato 0-0: SINGLE (Line Drive, 9S)
Mike Jennings to third
Runner from 3rd tries for Home, SAFE, throw made home
Batting: RHB Lloyd Regis 0-0: Ball
1-0: Ball
2-0: Fielders Choice at 2nd, 6-4 (Groundball, 56)
Batting: RHB Leonardo Sotelo 0-0: Called Strike
Lloyd Regis is caught stealing 2nd base
Top of the 4th over - 1 run(s), 2 hit(s), 0 error(s), 0 left on base; Belleville 1 - Highwood 0
BOTTOM OF THE 4TH
Highwood Hawks batting - Pitching for Belleville Bulls : RHP Héctor Aguilar
Batting: RHB Owen Cannon 0-0: Swinging Strike
0-1: Called Strike
0-2: Ball
1-2: Strikes out swinging
Batting: LHB Jeff Simpson 0-0: Ball
1-0: Ball
2-0: SOLO HOME RUN (Flyball, 9D), Distance : 401 ft
Batting: RHB Stephen McManus 0-0: Ball
1-0: Foul Ball, location: 2F
1-1: Swinging Strike
1-2: Foul Ball, location: 2F
1-2: Ball
2-2: Ball
3-2: Base on Balls
Batting: SHB Iikka Karpinen 0-0: Foul Ball, location: 2F
0-1: Ball
1-1: Foul Ball, location: 2F
1-2: Foul Ball, location: 2F
1-2: Strikes out swinging
Batting: RHB Tabor de Maria 0-0: Ball
1-0: Foul Ball, location: 2F
1-1: Foul Ball, location: 2F
1-2: Strikes out swinging
Bottom of the 4th over - 1 run(s), 1 hit(s), 0 error(s), 1 left on base; Belleville 1 - Highwood 1
TOP OF THE 5TH
Belleville Bulls batting - Pitching for Highwood Hawks : LHP Yoshi Minamoto
Batting: RHB Leonardo Sotelo 0-0: Ball
1-0: SOLO HOME RUN (Flyball, 78XD), Distance : 409 ft
Batting: LHB Alan Shaw 0-0: Ball
1-0: Swinging Strike
1-1: Ground out 1-3 (Groundball, 13S)
Batting: LHB Ken Stroud 0-0: Called Strike
0-1: Called Strike
0-2: Foul Ball, location: 2F
0-2: Strikes out swinging
Batting: RHB Ron Bernard 0-0: SINGLE (Groundball, 6D)
Batting: RHB José García 0-0: Ball
1-0: Called Strike
1-1: Ball
2-1: Ground out 4-3 (Groundball, 4MS)
Top of the 5th over - 1 run(s), 2 hit(s), 0 error(s), 1 left on base; Belleville 2 - Highwood 1
BOTTOM OF THE 5TH
Highwood Hawks batting - Pitching for Belleville Bulls : RHP Héctor Aguilar
Batting: RHB Lane McCool 0-0: Foul Ball, location: 2F
0-1: Ball
1-1: SINGLE (Groundball, 6MD)
Batting: RHB Johnny Henshaw-Jacobs 0-0: Bunt missed!
0-1: Ball
1-1: Bunted foul
1-2: Ball
2-2: Ball
3-2: DOUBLE (Flyball, 78M)
Lane McCool to third
Batting: LHB Carlos Medellín 0-0: Foul Ball, location: 2F
0-1: Ball
1-1: Ball
2-1: Fly out, F3 (Line Drive, 3S)
Batting: RHB Luis Díaz 0-0: Ball
1-0: Foul Ball, location: 2F
1-1: Ball
2-1: SINGLE (Flyball, 6MD)
Lane McCool scores
Johnny Henshaw-Jacobs to third
Batting: RHB Owen Cannon 0-0: Ball
1-0: SINGLE (Groundball, 4MD)
Johnny Henshaw-Jacobs scores
Luis Díaz to second
Batting: LHB Jeff Simpson 0-0: Foul Ball, location: 2F
0-1: Ball
Luis Díaz steals 3rd base
Owen Cannon to second
1-1: Intentional Walk
Batting: RHB Stephen McManus 0-0: Ball
1-0: Ball
2-0: Foul Ball, location: 2F
2-1: Foul Ball, location: 2F
2-2: Strikes out swinging
Batting: SHB Iikka Karpinen 0-0: Called Strike
0-1: Ball
1-1: Fielders Choice at 2nd, 4-6 (Groundball, 4)
Bottom of the 5th over - 2 run(s), 4 hit(s), 0 error(s), 2 left on base; Belleville 2 - Highwood 3
TOP OF THE 6TH
Belleville Bulls batting - Pitching for Highwood Hawks : LHP Yoshi Minamoto
Batting: RHB Mike Jennings 0-0: Ball
1-0: Ground out 5-3 (Groundball, 56)
Batting: LHB José Gómez 0-0: Ball
1-0: Swinging Strike
1-1: Foul Ball, location: 2F
1-2: Ball
2-2: Foul Ball, location: 2F
2-2: Strikes out swinging
Batting: RHB Alejandro Serrato 0-0: Called Strike
0-1: Fly out, F9 (Line Drive, 89S)
Top of the 6th over - 0 run(s), 0 hit(s), 0 error(s), 0 left on base; Belleville 2 - Highwood 3
BOTTOM OF THE 6TH
Highwood Hawks batting - Pitching for Belleville Bulls : RHP Héctor Aguilar
Batting: RHB Tabor de Maria 0-0: Called Strike
0-1: Ball
1-1: Called Strike
1-2: Strikes out swinging
Batting: RHB Lane McCool 0-0: Ball
1-0: Swinging Strike
1-1: Ball
2-1: Ball
3-1: Foul Ball, location: 2F
3-2: Strikes out swinging
Batting: RHB Johnny Henshaw-Jacobs 0-0: Ball
1-0: Ball
2-0: SINGLE (Line Drive, 8LS)
Batting: LHB Carlos Medellín 0-0: Ball
1-0: Called Strike
1-1: Ball
2-1: Foul Ball, location: 2F
2-2: Fly out, F7 (Flyball, 7S)
Bottom of the 6th over - 0 run(s), 1 hit(s), 0 error(s), 1 left on base; Belleville 2 - Highwood 3
TOP OF THE 7TH
Belleville Bulls batting - Pitching for Highwood Hawks : LHP Yoshi Minamoto
Batting: RHB Lloyd Regis 0-0: Foul Ball, location: 2F
0-1: Ball
1-1: Called Strike
1-2: Ground out 1-3 (Groundball, 15S)
Batting: RHB Leonardo Sotelo 0-0: Called Strike
0-1: Called Strike
0-2: Ground out 5-3 (Groundball, 56)
Batting: LHB Alan Shaw 0-0: Ball
1-0: Ball
2-0: Ground out 4-3 (Groundball, 4S)
Top of the 7th over - 0 run(s), 0 hit(s), 0 error(s), 0 left on base; Belleville 2 - Highwood 3
BOTTOM OF THE 7TH
Highwood Hawks batting - Pitching for Belleville Bulls : RHP Héctor Aguilar
Batting: RHB Luis Díaz 0-0: Called Strike
0-1: Swinging Strike
0-2: Ball
1-2: Foul Ball, location: 2F
1-2: Foul Ball, location: 2F
1-2: Foul Ball, location: 2F
1-2: Ball
2-2: Foul Ball, location: 2F
2-2: Foul Ball, location: 2F
2-2: Ground out 6-3 (Groundball, 56)
Pitching: RHP Ray Goolsby
Batting: RHB Owen Cannon 0-0: Swinging Strike
0-1: Ball
1-1: Ground out 6-3 (Groundball, 6)
Batting: LHB Jeff Simpson 0-0: Ground out 6-3 (Groundball, 6M)
Bottom of the 7th over - 0 run(s), 0 hit(s), 0 error(s), 0 left on base; Belleville 2 - Highwood 3
TOP OF THE 8TH
Belleville Bulls batting - Pitching for Highwood Hawks : LHP Yoshi Minamoto
Now at 1B: Ricardo Rivera
Batting: LHB Ken Stroud 0-0: Foul Ball, location: 2F
0-1: Foul Ball, location: 2F
0-2: Ball
1-2: Strikes out swinging
Batting: RHB Ron Bernard 0-0: Called Strike
0-1: Called Strike
0-2: SINGLE (Flyball, 8LS)
Batting: RHB José García 0-0: Foul Ball, location: 2F
0-1: SINGLE (Groundball, 6MD)
Ron Bernard to second
Runner from 2nd tries for 3rd, SAFE, no throw
Batting: RHB Mike Jennings 0-0: Ball
1-0: Foul Ball, location: 2F
1-1: Foul Ball, location: 2F
1-2: Foul Ball, location: 2F
1-2: Ball
2-2: Hit by Pitch
José García to second
Pitching: RHP Robert Vodchak
Batting: LHB José Gómez 0-0: Ball
1-0: Swinging Strike
1-1: Ball
2-1: Fly out, F4 (Line Drive, 4D)
Lined into DP, 4-5 (Line Drive, 4D)
Top of the 8th over - 0 run(s), 2 hit(s), 0 error(s), 2 left on base; Belleville 2 - Highwood 3
BOTTOM OF THE 8TH
Highwood Hawks batting - Pitching for Belleville Bulls : RHP Ray Goolsby
Batting: RHB Stephen McManus 0-0: Foul Ball, location: 2F
0-1: Foul Ball, location: 2F
0-2: Ball
1-2: Foul Ball, location: 2F
1-2: Strikes out swinging
Batting: SHB Iikka Karpinen 0-0: Ball
1-0: Swinging Strike
1-1: Foul Ball, location: 2F
1-2: Foul Ball, location: 2F
1-2: Fly out, F7 (Flyball, 7)
Batting: RHB Tabor de Maria 0-0: Called Strike
0-1: Ball
1-1: Foul Ball, location: 2F
1-2: Ball
2-2: Foul Ball, location: 2F
2-2: Ball
3-2: DOUBLE (Line Drive, 89M)
Pinch Hitting: LHB Jaime Aguilar 0-0: Ball
1-0: Ball
2-0: Ball
3-0: Base on Balls
Batting: RHB Johnny Henshaw-Jacobs 0-0: Swinging Strike
0-1: Ball
1-1: Ball
2-1: Ball
3-1: Called Strike
3-2: Strikes out looking
Bottom of the 8th over - 0 run(s), 1 hit(s), 0 error(s), 2 left on base; Belleville 2 - Highwood 3
TOP OF THE 9TH
Belleville Bulls batting - Pitching for Highwood Hawks : RHP Robert Vodchak
Pitching: RHP José Barquero
Now at 3B: José Sánchez
Pinch Hitting: LHB Carlos Cirilli 0-0: Ball
1-0: Called Strike
1-1: Swinging Strike
1-2: Foul Ball, location: 2F
1-2: Strikes out swinging
Pinch Hitting: RHB Dean Summers 0-0: Ball
1-0: Called Strike
1-1: Foul Ball, location: 2F
1-2: Strikes out swinging
Batting: RHB Leonardo Sotelo 0-0: Fly out, F9 (Flyball, 9LS)
Top of the 9th over - 0 run(s), 0 hit(s), 0 error(s), 0 left on base; Belleville 2 - Highwood 3
Saturday, May 26th, 2018 - OOTP Baseball 17.12 Build 75